 Dungeon Crawl Stone Soup version 0.29-a0-317-gd16b76e6b1 (webtiles) character file.

Game seed: 9067146664213647776

431 Bnni the Insei (level 7, -3/46 HPs)
             Began as an Octopode Transmuter on Apr 1, 2022.
             Slain by an elf zombie (7 damage)
             ... in an ossuary.
             The game lasted 00:06:31 (3660 turns).

Bnni the Insei (Octopode Transmuter)                Turns: 3660, Time: 00:06:32

Health: -3/46      AC:  1    Str: 11    XL:     7   Next: 0%
Magic:  11/12      EV: 14    Int: 15    God:
Gold:   174        SH:  0    Dex: 20    Spells: 2/12 levels left

rFire   . . .      SeeInvis .   p - +9 trident of Gozag's Vengeance {freeze, Dex+7}
rCold   . . .      Faith    .   (no shield)
rNeg    . . .      Spirit   .   (helmet currently unavailable)
rPois   .          Reflect  .   (no amulet)
rElec   .          Harm     .   r - ring of resist corrosion
rCorr   +          Rampage  .   (no ring)
Will    .....                   (no ring)
Stlth   +++.......              (no ring)
HPRegen 0.15/turn               (no ring)
MPRegen 0.13/turn               (no ring)
                                (no ring)
                                (no ring)

@: appendages
A: tentacle spike 3, almost no armour, amphibious, 8 rings, camouflage 1,
gelatinous body 1, (nimble swimmer 1), tentacles
a: End Transformation


You were in an ossuary.
One of your tentacles had grown a beastly spike.
You visited 1 branch of the dungeon, and saw 4 of its levels.
You also visited: Ossuary.

You collected 174 gold pieces.

Inventory:

Hand Weapons
 p - the +9 trident of Gozag's Vengeance (weapon) {freeze, Dex+7}
   (You found it on level 2 of the Dungeon)

   It freezes those it strikes, dealing additional cold damage.
   It can also slow down cold-blooded creatures.
   Dex:       It affects your dexterity (+7).
Missiles
 f - 5 boomerangs of dispersal
 s - 6 poisoned darts
Jewellery
 r - a ring of resist corrosion (left tentacle)
Scrolls
 d - a scroll of blinking {unknown}
 i - a scroll of fear {unknown}
 j - a scroll of vulnerability
 k - 2 scrolls of teleportation {unknown}
 m - 2 scrolls of amnesia {unknown}
 q - a scroll of noise {unknown}
Potions
 b - 2 potions of cancellation
 e - a potion of mutation {unknown}
 g - a potion of ambrosia {unknown}
 h - a potion of heal wounds {unknown}
 l - 2 potions of resistance
 n - a potion of degeneration {unknown}
 o - a potion of brilliance {unknown}


   Skills:
 + Level 3.1 Fighting
 + Level 2.1 Dodging
 - Level 5.0 Unarmed Combat
 + Level 3.4 Spellcasting
 * Level 3.8 Transmutations


You had 2 spell levels left.
You knew the following spells:

 Your Spells              Type           Power      Damage    Failure   Level
a - Beastly Appendage     Tmut           28%        N/A       4%          1
b - Wereblood             Tmut           14%        N/A       6%          2
c - Spider Form           Tmut/Pois      8%         N/A       26%         3
d - Ice Form              Ice/Tmut       8%         N/A       65%         4

Your spell library contained the following spells:

 Spells                   Type           Power      Damage    Failure   Level
 Static Discharge         Conj/Air       2%         N/A       28%         2
 Gell's Gravitas          Tloc           2%         N/A       50%         3
 Teleport Other           Tloc           2%         N/A       50%         3
 Lightning Bolt           Conj/Air       1%         1d12      99%         5
 Dispersal                Tloc           1%         N/A       100%        6
 Maxwell's Capacitive Co  Air            1%         ∞         100%        8


Dungeon Overview and Level Annotations

Branches:
Dungeon (4/15)            Ossuary (1/1)
 Temple: D:4-7

Altars:
Zin


Innate Abilities, Weirdness & Mutations

One of your tentacles has grown a beastly spike.
You cannot wear most types of armour.
You are amphibious.
You can wear up to eight rings at the same time.
Your skin changes colour to match your surroundings (Stealth+).
Your rubbery body absorbs attacks. (AC +1, EV +1)
((You are camouflaged when in or above water. (Stealth+)))
You have tentacles for arms and can constrict up to eight enemies at once.


Message History

The mummy is lightly damaged.
You constrict the mummy, but do no damage.
You hit the mummy. You squeeze the mummy!
The mummy is severely damaged.
You constrict the mummy. The mummy hits you!
* * * LOW HITPOINT WARNING * * *
You feel better.
You constrict the mummy. The mummy barely misses you.
You puncture the mummy!
You destroy the mummy!
You have reached level 7!
Throw: throwing net
Press: ? - help, Shift-Dir - straight line, f - elf zombie
Aim: an elf zombie (63% to hit)
You throw a throwing net.
The throwing net barely misses the elf zombie.
The throwing net hits the human zombie.
The human zombie is caught in the net!
The elf zombie completely misses you.
The human zombie struggles against the net.
Okay, then.
Casting: Beastly Appendage (safe; 4% risk of failure)
Confirm with . or Enter, or press ? or * to list all spells.
One of your tentacles grows a vicious spike.
The human zombie struggles against the net.
The elf zombie barely misses you.
You hit the elf zombie. You grab the elf zombie.
You pierce the elf zombie, but do no damage.
The elf zombie is lightly damaged.
You constrict the elf zombie. The elf zombie hits you.
* * * LOW HITPOINT WARNING * * *
The human zombie struggles against the net.
You puncture the elf zombie!
You pierce the elf zombie, but do no damage.
The elf zombie is moderately damaged.
You constrict the elf zombie. The elf zombie hits you.
* * * LOW HITPOINT WARNING * * *
The human zombie struggles against the net.
You puncture the elf zombie! You squeeze the elf zombie!
The elf zombie is severely damaged.
You constrict the elf zombie. The elf zombie hits you!
You die...

###.###
##.....##
#.......#
#.......#
#.......#
#.....# #Z#
#Z# ###@###
##.....##
#.......#
##...∩...##
+...∩∩∩...+
##...∩...##
#.......#
##.....##
###.###


You could see an elf zombie and a human zombie (caught).

Vanquished Creatures
  A black bear (D:2)
  2 scorpions (D:4)
  A hound (D:3)
  2 human zombies (Ossuary)
  A mummy (Ossuary)
  Robin (D:2)
  4 adders
  An ufetubus (D:3)
  A worm (D:3)
  2 dart slugs
  An orc (D:3)
  4 endoplasms
  2 giant cockroaches
  8 goblins
  6 hobgoblins
  6 jackals
  3 quokkas
  3 ball pythons
  8 bats
  2 frilled lizards
  8 kobolds
  7 rats
74 creatures vanquished.

Vanquished Creatures (others)
  A plant (D:4)
1 creature vanquished.

Grand Total: 75 creatures vanquished

Notes
Turn   | Place    | Note
-------+----------+-------------------------------------------
     0 | D:1      | Bnni the Octopode Transmuter began the quest for the Orb.
     0 | D:1      | Reached XP level 1. HP: 13/13 MP: 3/3
   476 | D:1      | Reached XP level 2. HP: 18/18 MP: 5/5
   482 | D:1      | Learned a level 2 spell: Wereblood
  1311 | D:2      | Noticed a black bear
  1328 | D:2      | Killed a black bear
  1329 | D:2      | Reached skill level 4 in Unarmed Combat
  1329 | D:2      | Reached XP level 3. HP: 16/24 MP: 6/6
  1329 | D:2      | Reached XP level 4. HP: 20/29 MP: 7/7
  1520 | D:2      | Noticed Robin
  1527 | D:2      | Reached XP level 5. HP: 23/34 MP: 7/9
  1534 | D:2      | Killed Robin
  1921 | D:2      | Identified the +9 trident of Gozag's Vengeance {freeze,
                  | Dex+7}
  2681 | D:3      | Learned a level 3 spell: Spider Form
  2686 | D:3      | Learned a level 4 spell: Ice Form
  2743 | D:3      | Identified the +2 spear of Righteous Anger {venom, rPois
                  | Str+5}
  2991 | D:3      | Found a glowing silver altar of Zin.
  3323 | D:4      | Reached XP level 6. HP: 41/41 MP: 10/10
  3330 | D:4      | Noticed a yak
  3330 | D:4      | Noticed a yak
  3433 | D:4      | Reached skill level 5 in Unarmed Combat
  3625 | D:4      | Found a sand-covered staircase.
  3632 | Ossuary  | Entered an ossuary
  3656 | Ossuary  | Reached XP level 7. HP: 14/46 MP: 12/12
  3660 | Ossuary  | Slain by an elf zombie

Illustrated notes

Levels and vault maps discovered:
D:1:      minmay_arrival_open_corners, layout_basic, minmay_misc_feat_tower,
          chequers_garden, kennysheep_pointless_box
D:2:      layout_loops_ring, wander_ebering_terrifying_dragon_lair, uniq_robin
D:3:      layout_loops_ring, lemuel_crystal_altar
D:4:      corexii_shantytown, layout_cave_pools, kennysheep_mini_moat,
          chequers_ossuary_entry_cave, minmay_crystal_water, serial_park_tiny_1,
          minmay_close_crescents, uniq_edmund
Ossuary:  ossuary_minmay_four_chambers

Skill      XL: |  1  2  3  4  5  6 |
---------------+-------------------+-----
Fighting       | 2 3 |  3.1
Unarmed Combat | 4 5 |  5.0
Transmutations | 3 |  3.8
Spellcasting   | 3 |  3.4
Dodging        | |  2.1

Action                   |  1- 3 |  4- 6 |  7- 9 || total
-------------------------+-------+-------+-------++-------
Melee: Unarmed           |    18 |       |       ||    18
       Tentacles         |     5 |    21 |     1 ||    27
       Constrict         |     5 |    22 |     1 ||    28
       Kick              |     1 |       |     2 ||     3
       Dagger            |    32 |    34 |       ||    66
       Punch             |     1 |     2 |       ||     3
       Trident           |       |    70 |     3 ||    73
Throw: Throwing net      |       |       |     1 ||     1
 Cast: Beastly Appendage |     1 |       |     1 ||     2
  Use: Scroll            |     2 |     2 |       ||     4
       Potion            |     1 |     2 |       ||     3
 Stab: Sleeping          |     1 |    13 |       ||    14
Armor: Skin              |    27 |     7 |       ||    34
Dodge: Dodged            |    21 |    58 |     2 ||    81

Table legend: (Time is in decaauts)
 A = Elapsed time spent in this place.
 B = Non-inter-level travel time spent in this place.
 C = Inter-level travel time spent in this place.
 D = Time resting spent in this place.
 E = Time spent auto-exploring this place.
 F = Levels seen in this place.
 G = Mean time per level.
                   A        B        C        D        E       F      G
               +--------+--------+--------+--------+--------+-----+--------+
         Total |   3678 |   3630 |     48 |    781 |   2263 |   5 |  735.6 |
       Dungeon |   3646 |   3598 |     48 |    781 |   2259 |   4 |  911.5 |
       Ossuary |     32 |     32 |      0 |      0 |      4 |   1 |   32.0 |
               +--------+--------+--------+--------+--------+-----+--------+

Top non-repeatable levels by time:
     D:1: 1281 daAuts
     D:2: 1130 daAuts
     D:3: 916 daAuts
     D:4: 318 daAuts
 Ossuary: 32 daAuts
